 Dungeon Crawl Stone Soup version 0.28-a0-991-g956f0ee3d5 (webtiles) character file.

Game seed: 1409206883216629167

365 Redcow54321 the Chucker (level 6, -5/45 (48) HPs)
             Began as a Demigod Brigand on Dec 5, 2021.
             Slain by a gnoll (11 damage)
             ... on level 5 of the Dungeon.
             The game lasted 00:08:34 (3891 turns).

Redcow54321 the Chucker (Demigod Brigand)           Turns: 3891, Time: 00:08:35

HP:   -5/45 (48)    AC:  3    Str: 12    XL:     6   Next: 16%
MP:   8/8           EV: 12    Int: 13    God:
Gold: 97            SH:  0    Dex: 23    Spells: 5/5 levels left

rFire   . . .      SeeInvis .   a - +2 dagger
rCold   . . .      Faith    .   (no shield)
rNeg    . . .      Spirit   .   b - +0 robe
rPois   .          Reflect  .   (no helmet)
rElec   .          Harm     .   c - +0 cloak
rCorr   .          Rampage  .   (no gloves)
Will    .....                   (no boots)
Stlth   +++.......              (no amulet)
HPRegen 0.15/turn               (no ring)
MPRegen 0.11/turn               (no ring)

@: drained
A: high mp 1, forlorn, divine attributes
a: no special abilities


You were on level 5 of the Dungeon.
You visited 1 branch of the dungeon, and saw 5 of its levels.

You collected 97 gold pieces.

Inventory:

Hand Weapons
 a - a +2 dagger (weapon)
Missiles
 d - 6 poisoned darts
 m - 6 stones (quivered)
Armour
 b - a +0 robe (worn)
 c - a +0 cloak (worn)
Jewellery
 j - a ring of fire
Scrolls
 f - a scroll of vulnerability {unknown}
 i - a scroll of magic mapping {unknown}
 l - a scroll of blinking {unknown}
 n - a scroll of summoning {unknown}
 o - a scroll of noise {unknown}
 q - 3 scrolls of fear {unknown}
 r - 2 scrolls of teleportation {unknown}
 s - a scroll of identify {unknown}
Potions
 e - a potion of heal wounds {unknown}
 g - a potion of mutation {unknown}
 h - 3 potions of degeneration {unknown}
 k - 2 potions of curing {unknown}
 p - 2 potions of cancellation {unknown}


   Skills:
 - Level 1.7 Fighting
 - Level 1.7 Short Blades
 * Level 6.1 Throwing
 * Level 1.1 Dodging
 + Level 3.7 Stealth


You had 5 spell levels left.
You didn't know any spells.
Your spell library contained the following spells:

 Spells                   Type           Power      Damage    Failure   Level
 Ensorcelled Hibernation  Hex/Ice        0%         N/A       43%         2
 Spider Form              Tmut/Pois      0%         N/A       67%         3
 Summon Guardian Golem    Hex/Summ       0%         N/A       67%         3
 Orb of Destruction       Conj           0%         N/A       100%        7
 Spellforged Servitor     Conj/Summ      0%         N/A       100%        7


Dungeon Overview and Level Annotations

Branches:
Dungeon (4/15)
 Temple: D:4-7

Shops:
D:3 *


Innate Abilities, Weirdness & Mutations

You have an increased reservoir of magic. (+10% MP)
You shall have no god before yourself.
Your divine heritage dramatically boosts your attributes as you level up.


Message History

You hit the gnoll.
The gnoll is almost dead.
The gnoll barely misses you.
The gnoll hits you with a +0 flail of draining!
You feel drained.
You hit the gnoll but do no damage.
The gnoll is almost dead.
The gnoll hits you from afar with a +0 spear.
The gnoll hits you with a +0 flail of draining!
You feel drained.
* * * LOW HITPOINT WARNING * * *
You are too injured to fight recklessly!
You see here a +0 short sword.
You hit the gnoll.
You kill the gnoll!
You are too injured to fight recklessly!
You are too injured to fight recklessly!
You see here a +0 whip.
The gnoll hits you with a +0 spear.
* * * LOW HITPOINT WARNING * * *
You hit the gnoll.
The gnoll is lightly wounded.
The gnoll closely misses you. x2
You hit the gnoll but do no damage.
The gnoll is lightly wounded.
The gnoll closely misses you.
You hit the gnoll.
The gnoll is moderately wounded.
The gnoll hits you with a +0 spear.
* * * LOW HITPOINT WARNING * * *
The gnoll barely misses you. The gnoll closely misses you.
The gnoll hits you with a +0 spear.
* * * LOW HITPOINT WARNING * * *
The gnoll completely misses you.
You barely miss the gnoll.
The gnoll is moderately wounded.
The gnoll closely misses you.
The gnoll hits you from afar with a +0 halberd!
You die...

........)..........
................####
###.##.###.#..##.####. #
#.#.......... #.
#.#..##.#.##. #.. #.#..#
#.# ... #.. #g#..# # ...
# #.. #g#..# #.#
###.##..##@#..# #.# .
.........#.#..# #.#
.#.............#
#.##..#.#.##.#...#..##.
........#.#####........
..# #.#.##.............
#.#####.#.##.##..#..##.##
#.)..................#.#
######...###.##......# #


You could see 2 gnolls.

Vanquished Creatures
  Sigmund (D:3)
  2 bullfrog skeletons (D:5)
  A gnoll (D:5)
  4 adders
  6 dart slugs
  8 orcs
  8 bats
  7 endoplasms
  3 giant cockroaches
  6 goblins
  7 hobgoblins
  7 jackals (D:1)
  8 kobolds
  4 quokkas
  7 ball pythons
  3 frilled lizards
  A quokka skeleton (D:4)
  4 rats
87 creatures vanquished.

Notes
Turn   | Place    | Note
-------+----------+-------------------------------------------
     0 | D:1      | Redcow54321 the Demigod Brigand began the quest for the
                  | Orb.
     0 | D:1      | Reached XP level 1. HP: 17/17 MP: 3/3
   234 | D:1      | Reached skill level 2 in Throwing
   365 | D:1      | Reached XP level 2. HP: 19/24 MP: 4/4
   607 | D:1      | Reached skill level 3 in Throwing
   958 | D:1      | Reached XP level 3. HP: 29/29 MP: 5/5
  1994 | D:2      | Reached skill level 4 in Throwing
  2234 | D:3      | Noticed Sigmund
  2239 | D:3      | Killed Sigmund
  2240 | D:3      | Reached skill level 5 in Throwing
  2240 | D:3      | Reached XP level 4. HP: 36/36 MP: 6/6
  2240 | D:3      | Reached XP level 5. HP: 41/41 MP: 7/7
  2713 | D:3      | Found Nuohaq's General Store.
  3385 | D:4      | Reached skill level 1 in Dodging
  3466 | D:4      | You fall into a shaft and drop 1 floor!
  3466 | D:5      | Entered Level 5 of the Dungeon
  3480 | D:5      | Reached skill level 6 in Throwing
  3480 | D:5      | Reached XP level 6. HP: 35/48 MP: 8/8
  3891 | D:5      | Slain by a gnoll

Illustrated notes

Levels and vault maps discovered:
D:1:      dpeg_arrival_leaves_temple_mockup, layout_loops_ring,
          minmay_statues_item
D:2:      layout_basic, basic_altar, ebering_ecumenical_altar_mist
D:3:      layout_basic, gammafunk_temple_overflow_forgotten, marbit_many_paths,
          serial_shops, shop, minivault_24, uniq_sigmund
D:4:      layout_basic, minmay_temple_entry_fiery, serial_shops, shop,
          minmay_ruptured
D:5:      layout_basic

Skill      XL: |  1  2  3  4  5 |
---------------+----------------+-----
Throwing       | 2 3 5 6 |  6.1
Dodging        | 1 |  1.1
Fighting       | |  1.7
Short Blades   | |  1.7
Stealth        | |  3.7

Action                   |  1- 3 |  4- 6 || total
-------------------------+-------+-------++-------
Melee: Dagger            |    90 |    87 ||   177
Throw: Dart              |    85 |     3 ||    88
       Stone             |       |    91 ||    91
 Stab: Sleeping          |     8 |     3 ||    11
       Distracted        |     1 |       ||     1
Armor: Robe              |    25 |    27 ||    52
Dodge: Dodged            |    43 |    55 ||    98

Table legend: (Time is in decaauts)
 A = Elapsed time spent in this place.
 B = Non-inter-level travel time spent in this place.
 C = Inter-level travel time spent in this place.
 D = Time resting spent in this place.
 E = Time spent auto-exploring this place.
 F = Levels seen in this place.
 G = Mean time per level.
                   A        B        C        D        E       F      G
               +--------+--------+--------+--------+--------+-----+--------+
         Total |   3845 |   3628 |    217 |    224 |   2798 |   5 |  769.0 |
       Dungeon |   3845 |   3628 |    217 |    224 |   2798 |   5 |  769.0 |
               +--------+--------+--------+--------+--------+-----+--------+

Top non-repeatable levels by time:
     D:1: 1240 daAuts
     D:3: 1094 daAuts
     D:2: 973 daAuts
     D:5: 417 daAuts
     D:4: 119 daAuts
